 Dungeon Crawl Stone Soup version 0.18-a0-626-geb0fed7 (webtiles) character file.

254252 BadIdea the Warrior (level 19, -12/161 HPs)
             Began as a Demonspawn Monk on Dec 3, 2015.
             Was a High Priest of Trog.
             Killed from afar by a fire giant (51 damage)
             ... with a fireball
             ... on level 3 of the Vaults on Dec 4, 2015.
             The game lasted 03:11:42 (39136 turns).

BadIdea the Warrior (Demonspawn Monk)              Turns: 39136, Time: 03:11:42

Health: -12/161    AC: 22    Str: 25    XL:     19   Next: 1%
Magic:  0/28       EV: 24    Int:  9    God:    Trog [*****.]
Gold:   5238       SH: 14    Dex: 24    Spells: 0 memorised, 18 levels left

rFire  . . .     SeeInvis +     a - +5 broad axe (elec)
rCold  . . .     Clarity  .     K - +5 ring mail of Nezicw {Str+4 SInv}
rNeg   . . .     SustAt   .     j - +0 shield {reflect}
rPois  +         Gourm    .     f - +1 helmet
rElec  .         Spirit   +     w - +0 cloak {MR+}
rCorr  .         Dismiss  .     x - +1 pair of gloves
rMut   .         Stasis   .     P - +2 pair of boots {Stlth+}
MR     +++..                    e - amulet of guardian spirit
Stlth  ++........               p - ring of Dajeiledgh {MR+ Str+3 Dex+3 Stlth-}
                                G - ring "Boucimer" {+Inv Str+5 Int-4 Slay+2}

@: very slightly contaminated, extremely resistant to hostile enchantments,
unstealthy
A: talons 2, slimy green scales 3, powered by death 3, spiny 3
a: Berserk, Trog's Hand, Brothers in Arms, Burn Spellbooks, Renounce Religion,
Evoke Invisibility
}: 2/15 runes: decaying, gossamer


You were on level 3 of the Vaults.
You worshipped Trog.
Trog was extremely pleased with you.
You were very hungry.

You visited 6 branches of the dungeon, and saw 38 of its levels.
You also visited: Labyrinth and Sewer.

You collected 5894 gold pieces.
You spent 656 gold pieces at shops.

Inventory:

Hand Weapons
 a - a +5 broad axe of electrocution (weapon)
 c - a +5 antimagic demon whip
 E - a +2 greatsling of freezing
 Z - a +2 executioner's axe of chopping
Armour
 f - a +1 helmet (worn)
 j - a +0 shield of reflection (worn)
 w - a +0 cloak of magic resistance (worn)
 x - a +1 pair of gloves (worn)
 C - a +0 helmet of see invisible
 K - the +5 ring mail of Nezicw (worn) {Str+4 SInv}
   (You found it on level 9 of the Dungeon)

   It affects your strength (+4).
   It lets you see invisible.
 P - a +2 pair of boots of stealth (worn)
Rods
 b - a -2 lightning rod (11/11)
   (You found it on level 7 of the Lair of Beasts)
Jewellery
 e - an amulet of guardian spirit (around neck)
 h - an uncursed amulet of resist corrosion
 p - the ring of Dajeiledgh (right hand) {MR+ Str+3 Dex+3 Stlth-}
   (You took it off a minotaur in a labyrinth)

   [ring of loudness]

   It affects your strength (+3).
   It affects your dexterity (+3).
   It affects your resistance to hostile enchantments.
   It makes you less stealthy.
 G - the ring "Boucimer" (left hand) {+Inv Str+5 Int-4 Slay+2}
   (You found it in a labyrinth)

   [ring of invisibility]

   It affects your strength (+5).
   It affects your intelligence (-4).
   It affects your accuracy and damage with ranged weapons and melee attacks
   (+2).
   It lets you turn invisible.
 M - an uncursed ring of protection from fire
 U - an uncursed ring of teleportation
Wands
 r - a wand of disintegration (5)
 y - a wand of hasting (9)
 F - a wand of lightning (8)
 H - a wand of fire (8)
 N - a wand of digging (12)
 Y - a wand of cold (4)
Scrolls
 d - 3 scrolls of identify
 i - 7 scrolls of fog
 v - 9 scrolls of teleportation
 B - 10 scrolls of magic mapping
 V - 4 scrolls of blinking
 X - a scroll of fear
Potions
 k - 2 potions of heal wounds
 l - 8 potions of might
 n - 11 potions of curing
 s - a potion of berserk rage
 u - 4 potions of agility
 L - 7 potions of haste
Miscellaneous
 I - a phial of floods
 R - a fan of gales
 S - a lamp of fire
Comestibles
 m - a royal jelly
 q - 20 bread rations
 t - 3 meat rations
 D - 7 slices of pizza


   Skills:
 + Level 17.4 Fighting
 - Level 14.9(16.3) Axes
 - Level 11.8(14.8) Maces & Flails
 - Level 13.0 Dodging
 - Level 1.7 Stealth
 + Level 10.6 Shields
 - Level 3.8 Unarmed Combat
 + Level 13.3 Evocations


You had 18 spell levels left.
You didn't know any spells.

Dungeon Overview and Level Annotations

Branches:
Dungeon (15/15)            Temple (0/1) D:7            Lair (8/8) D:11
  Swamp (4/4) Lair:3       Spider (4/4) Lair:5        Slime (0/6) Lair:6
    Orc (4/4) D:10            Elf (0/3) Orc:4        Vaults (3/5) D:13
 Depths (0/5) D:15
  Crypt: Vaults:2-3

Altars:
Ashenzari
Cheibriados
Dithmenos
Gozag
Kikubaaqudgha
Nemelex Xobeh
Okawaru
Trog
Vehumet
Yredelemnul
The Shining One
Beogh

Shops:
D:4 [   D:5 [   D:10 }   D:12 (   Orc:1 !   Orc:2 *   Orc:4 :=(*
Vaults:1 %%?*   Vaults:2 **(   Vaults:3 =

Portals:
Trove: D:12 (give +3 gold dragon armour)

Annotations:
D:8 4 runed doors
D:9 1 runed door


Innate Abilities, Weirdness & Mutations

You have razor-sharp toenails.
You are completely covered in slimy green scales (AC +4, rPois).
You regenerate a lot of health from kills.
You are completely covered in sharp spines.


Message History

You are very lightly contaminated with residual magic.
As you read the scroll of blinking, it crumbles to dust.
You feel yourself speed up.
Drink which item? (? for menu, Esc to quit)
You feel yourself speed up.
Your extra speed is starting to run out.
You are feeling very hungry.
You feel yourself slow down.
There is an open door here.
A fire giant comes into view.
It is wielding a great sword of flaming.
The fire giant shouts!
The fire giant casts a spell at you. The bolt of fire hits you!
* * * LOW HITPOINT WARNING * * *
A fire crab comes into view.
Drink which item? (? for menu, Esc to quit)
You feel much better.
The fire giant gestures at you while chanting.
The fireball explodes!
The fireball engulfs you!
You die...

#######################
.......................
######z##..###########
#..#....#..#
#..#....#..#
#.#..#.#..#..#
..t..'.@..#..# ...#
####'#..#'####..# ...#
#......C.....#..# ###
...# #......[.....#..#
#.. ...#
####'#..#'####..# #..
...# #....'..'....#..#
#.. ...#
#..#.#<.#.#..#..# #..
...# #..^.#..#....#..#
#.. ...#
#....#..#....#..# #..


You could see a fire giant, a curse skull and a fire crab (wandering).

Vanquished Creatures
  Rupert (D:13)
  Frances (D:13)
  Kirke (Lair:6)
  A tengu reaver (Vaults:1)
  2 thorn hunters
  The ghost of ReteAZ the Executioner, a journeyman HOFi of Zin (D:13)
  A ghost moth (shapeshifter) (D:15)
  7 vault wardens
  3 ghost moths (Spider:4)
  A fire giant (Vaults:2)
  9 emperor scorpions
  5 ironheart preservers
  A stone giant (Vaults:2)
  A spark wasp (shapeshifter) (D:13)
  3 spark wasps
  A minotaur (Lab)
  2 yaktaur captains (Vaults:2)
  A fire dragon (Lair:8)
  A rakshasa (Vaults:1)
  2 entropy weavers
  2 ice dragons
  24 hydras
  5 alligators
  A catoblepas (D:15)
  11 centaur warriors
  3 ogre magi
  2 death yaks (Lair:7)
  An orc high priest (Orc:4)
  Urug (Lair:1)
  4 deep elf knights (Vaults:3)
  Sonja (Lair:1)
  A fire crab (shapeshifter) (D:15)
  A fire crab (Vaults:3)
  A shadow wraith (Vaults:1)
  An unseen horror (D:12)
  6 swamp dragons
  A lindwurm (Lair:5)
  5 spriggan druids
  A deep troll (shapeshifter) (Vaults:2)
  8 hill giants
  2 deep elf summoners (Vaults:1)
  2 shambling mangroves
  13 orc knights
  3 orc sorcerers
  An orb spider (shapeshifter) (Vaults:2)
  14 orb spiders
  26 wolf spiders
  A moth of wrath (Spider:4)
  31 ugly things
  A deep elf conjurer (Vaults:1)
  5 cyclopes
  6 ironbrand convokers
  4 hornets
  5 griffons
  An oklob plant (Lair:8)
  7 elephants
  4 vault sentinels
  Maurice (Orc:2)
  3 manticores
  A komodo dragon (shapeshifter) (D:14)
  A yaktaur (shapeshifter) (D:13)
  A guardian serpent (shapeshifter) (Vaults:1)
  2 torpor snails (Lair:7)
  17 spiny frogs
  12 yaktaurs
  16 komodo dragons
  A gargoyle (D:12)
  4 black mambas
  7 demonic crawlers
  3 tengu conjurers
  An efreet (D:13)
  11 polar bears
  2 deep elf priests
  3 giant leeches
  4 fire drakes
  A freezing wraith (Vaults:3)
  2 trolls
  7 two-headed ogres
  17 jumping spiders
  8 blink frogs
  8 bog bodies
  2 raiju (Lair:8)
  10 spriggans
  4 boulder beetles
  A raiju (shapeshifter) (Vaults:1)
  23 slime creatures
  19 trapdoor spiders
  37 redbacks
  4 wraiths
  43 yaks
  22 tarantellas
  6 hogs
  A human (D:8)
  5 shadows
  A vampire (D:13)
  15 wolves
  4 deep elf magi
  10 hippogriffs
  2 steam dragons (Lair:8)
  3 deep elf fighters
  4 basilisks
  The ghost of P0WERM0DE the Conjurer, an amateur DgCj (D:4)
  3 mottled dragons
  34 vampire mosquitoes
  9 wargs
  28 insubstantial wisps
  4 hell hounds (Lair:8)
  37 swamp worms
  15 water moccasins
  16 porcupines
  14 swamp drakes
  A necrophage (D:6)
  15 black bears
  36 orc warriors
  2 sky beasts
  6 ice beasts
  2 phantoms
  16 wasps
  19 ogres
  An eye of draining (D:14)
  21 centaurs
  22 giant frogs
  22 crocodiles
  4 big kobolds
  A scorpion (D:8)
  2 wyvern skeletons
  3 wights (D:15)
  2 troll zombies (D:15)
  4 electric eels
  3 killer bees (D:14)
  3 giant frog zombies
  4 crimson imps
  5 quasits
  2 jellies
  35 orc priests
  2 centaur skeletons
  4 human zombies (D:15)
  25 hounds
  8 worker ants
  9 iguanas
  32 orc wizards
  21 sheep
  A hound zombie (D:9)
  2 hound skeletons
  3 mummies (D:15)
  16 adders
  8 gnolls
  35 river rats
  3 shadow imps
  3 oozes
  10 worms
  173 orcs
  3 ball pythons
  3 giant cockroaches (D:3)
  11 hobgoblins
  14 jackals
  7 quokkas
  10 bats
  A giant cockroach zombie (D:5)
  10 giant geckos
  A giant gecko skeleton (D:5)
  A giant gecko zombie (D:6)
  10 giant newts
  2 goblins
  27 kobolds
  A quokka skeleton (D:9)
  A quokka zombie (D:6)
  33 rats
  4 briar patches (Swamp:3)
  A butterfly (D:7)
  11 fungi
  5 plants
  A toadstool (Swamp:3)
1504 creatures vanquished.

Vanquished Creatures (collateral kills)
  Jorgrun (Vaults:1)
  A thorn hunter (Swamp:4)
  Wiglaf (Spider:2)
  Donald (Swamp:2)
  Louise (Swamp:3)
  A vault warden (Vaults:2)
  An ironheart preserver (Vaults:1)
  A stone giant (Vaults:2)
  Nessos (Lair:6)
  2 vault guards (Vaults:1)
  A yaktaur captain (Vaults:2)
  4 hydras
  A catoblepas (Lair:4)
  2 orc high priests (Orc:4)
  A spriggan druid (Swamp:3)
  A swamp dragon (Swamp:4)
  2 ironbrand convokers
  An orc sorcerer (Orc:4)
  2 orc knights (Orc:4)
  A wolf spider (Spider:2)
  A hornet (Swamp:4)
  A vault sentinel (Vaults:1)
  3 yaks (Lair:6)
  A warg (Vaults:1)
  A swamp worm (Swamp:3)
  2 orc warriors (Orc:4)
  2 swamp drakes (Swamp:4)
  A giant frog (Lair:5)
  An orc priest (Orc:4)
  3 river rats (Lair:5)
43 creatures vanquished.

Vanquished Creatures (others)
  A hornet (Swamp:4)
  A hound (Lair:8)
  An orc (Orc:3)
  A briar patch (Swamp:3)
  19 fungi
  17 plants
  4 toadstools (Swamp:3)
44 creatures vanquished.

Grand Total: 1591 creatures vanquished

Notes
Turn   | Place    | Note
--------------------------------------------------------------
     0 | D:1      | BadIdea the Demonspawn Monk began the quest for the Orb.
     0 | D:1      | Reached XP level 1. HP: 18/18 MP: 1/1
   267 | D:1      | Reached skill level 1 in Maces & Flails
   313 | D:1      | Gained mutation: You are partially covered in slimy green scales (AC +2). [demonic ancestry]
   313 | D:1      | Reached XP level 2. HP: 24/24 MP: 2/2
  1110 | D:2      | Reached XP level 3. HP: 24/29 MP: 3/3
  1815 | D:3      | Gained mutation: You are mostly covered in slimy green scales (AC +3). [demonic ancestry]
  1815 | D:3      | Reached XP level 4. HP: 24/35 MP: 4/4
  1992 | D:3      | Found a glowing drain.
  2090 | Sewer    | Entered a sewer
  2396 | Sewer    | Reached skill level 1 in Shields
  2613 | Sewer    | Noticed a big kobold
  2613 | Sewer    | Noticed a big kobold
  2633 | Sewer    | Killed a big kobold
  2633 | Sewer    | Reached XP level 5. HP: 24/42 MP: 5/5
  2909 | Sewer    | Reached skill level 4 in Fighting
  2909 | Sewer    | Gained mutation: You are partially covered in sharp spines. [demonic ancestry]
  2909 | Sewer    | Reached XP level 6. HP: 48/48 MP: 6/6
  3649 | D:3      | Found a bloodstained altar of Trog.
  3659 | D:3      | Became a worshipper of Trog the Wrathful
  3659 | D:3      | Reached * piety under Trog
  3659 | D:3      | Reached ** piety under Trog
  3936 | D:4      | Noticed P0WERM0DE's ghost (amateur DgCj)
  3944 | D:4      | Killed P0WERM0DE's ghost
  4107 | D:4      | Gained mutation: You are mostly covered in sharp spines. [demonic ancestry]
  4107 | D:4      | Reached XP level 7. HP: 55/55 MP: 7/7
  4204 | D:4      | Found Bomiatroori's Antique Armour Shop.
  4230 | D:4      | Bought a shiny ring mail for 76 gold pieces
  4251 | D:4      | Reached skill level 5 in Maces & Flails
  4457 | D:4      | Found an iron altar of Okawaru.
  4490 | D:4      | Reached skill level 5 in Fighting
  4736 | D:5      | Entered Level 5 of the Dungeon
  4781 | D:5      | Found a shattered altar of Ashenzari.
  5029 | D:5      | Found Enearyc's Antique Armour Shoppe.
  5098 | D:5      | Found a radiant altar of Vehumet.
  5121 | D:5      | Found an ancient bone altar of Kikubaaqudgha.
  5240 | D:5      | Reached skill level 6 in Maces & Flails
  5240 | D:5      | Reached XP level 8. HP: 63/63 MP: 8/8
  5277 | D:5      | Reached *** piety under Trog
  6071 | D:6      | Reached skill level 7 in Maces & Flails
  6240 | D:6      | Reached **** piety under Trog
  6310 | D:6      | Gained mutation: You regenerate a little health from kills. [demonic ancestry]
  6310 | D:6      | Reached XP level 9. HP: 61/69 MP: 9/9
  6641 | D:7      | Found a staircase to the Ecumenical Temple.
  6690 | D:7      | Reached skill level 8 in Maces & Flails
  6690 | D:7      | Reached skill level 5 in Shields
  6718 | D:7      | Got a dazzling chain mail
  6729 | D:7      | Identified the cursed +0 chain mail "Tufoh" {Dex+3} (You took it off an orc on level 7 of the Dungeon)
  7234 | D:8      | Found a large runed door.
  7234 | D:8      | Found a large runed door.
  7399 | D:8      | Reached skill level 9 in Maces & Flails
  7402 | D:8      | Reached ***** piety under Trog
  7551 | D:8      | Found a large runed door.
  7552 | D:8      | Found a large runed door.
  7633 | D:8      | Found a glowing golden altar of the Shining One.
  7801 | D:8      | Reached XP level 10. HP: 80/80 MP: 10/10
  7888 | D:8      | Got an ancient scale mail
  7899 | D:8      | Identified the +3 scale mail "Xiqudef" {+Fly rF- rC+ Stlth+} (You found it on level 8 of the Dungeon)
  8233 | D:8      | Reached skill level 10 in Maces & Flails
  8309 | D:9      | Received a gift from Trog
  8402 | D:9      | Found an opulent altar of Gozag.
  8402 | D:9      | Found a sparkling altar of Nemelex Xobeh.
  8633 | D:9      | Reached skill level 5 in Dodging
  8672 | D:9      | Got a warped ring mail
  8683 | D:9      | Identified the +5 ring mail of Nezicw {Str+4 SInv} (You found it on level 9 of the Dungeon)
  8880 | D:9      | Found a runed door.
  8941 | D:9      | Received a gift from Trog
  9060 | D:10     | Entered Level 10 of the Dungeon
  9294 | D:10     | Noticed a hill giant
  9307 | D:10     | Killed a hill giant
  9342 | D:10     | Noticed a hill giant
  9347 | D:10     | Found a staircase to the Orcish Mines.
  9353 | D:10     | Killed a hill giant
  9353 | D:10     | Reached skill level 11 in Maces & Flails
  9353 | D:10     | Reached XP level 11. HP: 46/89 MP: 11/11
  9394 | D:10     | Found Zoushuh's Gadget Shop.
  9417 | D:10     | Found a roughly hewn altar of Beogh.
 10146 | D:11     | Found a staircase to the Lair.
 10319 | D:11     | Noticed a hill giant
 10333 | D:11     | Killed a hill giant
 10718 | Lair:1   | Entered Level 1 of the Lair of Beasts
 10777 | Lair:1   | Noticed Urug
 10797 | Lair:1   | Killed Urug
 10797 | Lair:1   | Received a gift from Trog
 10880 | Lair:1   | Reached skill level 1 in Axes
 11052 | Lair:1   | Noticed Sonja
 11174 | Lair:1   | Reached skill level 10 in Fighting
 11290 | Lair:1   | Killed Sonja
 11930 | Lair:2   | Noticed a five-headed hydra
 11941 | Lair:2   | Killed a five-headed hydra
 12337 | Lair:2   | Reached XP level 12. HP: 80/98 MP: 12/12
 12452 | Lair:3   | Reached skill level 5 in Axes
 12994 | Lair:3   | Found a staircase to the Swamp.
 13280 | Lair:4   | Noticed a catoblepas
 13315 | Lair:4   | Killed a catoblepas
 13711 | Lair:4   | Received a gift from Trog
 13765 | Lair:4   | Noticed a four-headed hydra
 13777 | Lair:4   | Killed a four-headed hydra
 14165 | Lair:4   | Noticed an eight-headed hydra
 14175 | Lair:4   | Killed an eight-headed hydra
 14186 | Lair:5   | Noticed a seven-headed hydra
 14197 | Lair:5   | Killed a seven-headed hydra
 14234 | Lair:5   | Noticed a six-headed hydra
 14260 | Lair:5   | Killed a six-headed hydra
 14410 | Lair:5   | Found a labyrinth entrance.
 14427 | Lab      | Entered a labyrinth
 14428 | Lab      | Upgraded the game from 0.18-a0-514-ga7d9996 to 0.18-a0-603-g332275c
 14701 | Lab      | Found an exit through the horrors of the Abyss.
 15609 | Lab      | Noticed a minotaur
 15621 | Lab      | Killed a minotaur
 15623 | Lab      | Got a crude wooden ring
 15636 | Lab      | Identified the ring of Dajeiledgh {MR+ Str+3 Dex+3 Stlth-} (You took it off a minotaur in a labyrinth)
 15647 | Lab      | Got a twisted arbalest
 15647 | Lab      | Got a distressingly furry chain mail
 15658 | Lab      | Identified the +1 chain mail of the Tortoise {+Inv Dex+3 SInv} (You took it off a minotaur in a labyrinth)
 15669 | Lab      | Got a transparent flail {flame}
 15670 | Lab      | Identified the cursed +0 flail of Ginom {flame, Int+4} (You took it off a minotaur in a labyrinth)
 15677 | Lab      | Identified the +4 arbalest of the Eternal Warrior {flame, rElec rN+ MR+ Dex-4} (You took it off a minotaur in a labyrinth)
 15764 | Lab      | Got a translucent amber ring
 15770 | Lab      | Identified the ring "Boucimer" {+Inv Str+5 Int-4 Slay+2} (You found it in a labyrinth)
 15967 | Lair:5   | Found a hole to the Spider Nest.
 16422 | Lair:6   | Found a staircase to the Slime Pits.
 16425 | Lair:6   | Noticed a six-headed hydra
 16434 | Lair:6   | Noticed Kirke
 16439 | Lair:6   | Killed a six-headed hydra
 16444 | Lair:5   | Gained mutation: You are completely covered in sharp spines. [demonic ancestry]
 16444 | Lair:5   | Reached XP level 13. HP: 80/102 MP: 9/13
 16628 | Lair:6   | Found a snail-covered altar of Cheibriados.
 16660 | Lair:6   | Killed Kirke
 16777 | Lair:6   | Noticed Nessos
 16787 | Lair:6   | Killed Nessos
 17146 | Lair:6   | Received a gift from Trog
 17509 | Lair:7   | Reached skill level 10 in Axes
 17512 | Lair:7   | Reached skill level 12 in Fighting
 18423 | Lair:7   | Reached skill level 10 in Dodging
 18426 | Lair:7   | Received a gift from Trog
 18721 | Lair:8   | Entered Level 8 of the Lair of Beasts
 19192 | Lair:8   | Gained mutation: You have sharp toenails. [demonic ancestry]
 19192 | Lair:8   | Reached XP level 14. HP: 105/116 MP: 11/14
 19620 | Lair:8   | Received a gift from Trog
 19924 | Lair:8   | Reached skill level 1 in Evocations
 20045 | Lair:8   | Received a gift from Trog
 20324 | Orc:1    | Entered Level 1 of the Orcish Mines
 20388 | Orc:1    | Found Seebbiz's Distillery.
 20743 | Orc:2    | Reached ****** piety under Trog
 20745 | Orc:2    | Received a gift from Trog
 20788 | Orc:2    | Noticed Maurice
 20794 | Orc:2    | Killed Maurice
 21093 | Orc:2    | Found Uricerphi's General Store.
 21320 | Orc:3    | Received a gift from Trog
 21524 | Orc:3    | You fall through a shaft!
 21524 | Orc:4    | Entered Level 4 of the Orcish Mines
 21554 | Orc:4    | Reached skill level 13 in Fighting
 21703 | Orc:4    | Received a gift from Trog
 21929 | D:12     | Received a gift from Trog
 22090 | D:12     | Found Ceitwox's Weapon Shop.
 22259 | D:12     | Found a portal to a secret trove of treasure.
 22565 | D:13     | Noticed Rupert
 22566 | D:13     | Paralysed by Rupert for 4 turns
 22581 | D:13     | Killed Rupert
 22865 | D:13     | Gained mutation: You are completely covered in slimy green scales (AC +4, rPois). [demonic ancestry]
 22865 | D:13     | Reached XP level 15. HP: 36/124 MP: 3/18
 23005 | D:13     | Noticed Frances
 23014 | D:13     | Killed Frances
 23116 | D:13     | Noticed ReteAZ's ghost (journeyman HOFi)
 23134 | D:13     | Killed ReteAZ's ghost
 23465 | D:13     | Found a gate to the Vaults.
 23781 | D:14     | Received a gift from Trog
 23810 | D:14     | Reached skill level 5 in Evocations
 23905 | D:14     | XOM: swap monsters
 24201 | D:14     | Found a frozen archway.
 24450 | D:15     | Entered Level 15 of the Dungeon
 24752 | D:15     | Found a staircase to the Depths.
 24893 | D:15     | Found a basalt altar of Yredelemnul.
 25968 | Orc:4    | Upgraded the game from 0.18-a0-603-g332275c to 0.18-a0-626-geb0fed7
 26363 | Orc:4    | Found Nyolef's Book Emporium.
 26363 | Orc:4    | Found Peggequi's General Store.
 26377 | Orc:4    | Found Bizumyhi's Jewellery Emporium.
 26377 | Orc:4    | Found Vodghoow's Antique Weapon Shop.
 26683 | Spider:1 | Entered Level 1 of the Spider Nest
 26695 | Spider:1 | Received a gift from Trog
 27773 | Spider:1 | Reached skill level 14 in Axes
 28283 | Spider:1 | Received a gift from Trog
 28307 | Spider:1 | Gained mutation: You regenerate health from kills. [demonic ancestry]
 28307 | Spider:1 | Reached XP level 16. HP: 110/133 MP: 17/21
 28811 | Spider:2 | Noticed Wiglaf
 28819 | Spider:2 | Killed Wiglaf
 29912 | Spider:3 | Received a gift from Trog
 30838 | Spider:4 | Entered Level 4 of the Spider Nest
 31855 | Spider:4 | Received a gift from Trog
 31899 | Spider:4 | Got a gossamer rune of Zot
 32111 | Swamp:1  | Entered Level 1 of the Swamp
 32258 | Swamp:1  | Reached skill level 15 in Fighting
 32281 | Swamp:1  | Gained mutation: You have razor-sharp toenails. [demonic ancestry]
 32281 | Swamp:1  | Reached XP level 17. HP: 142/142 MP: 10/24
 33214 | Swamp:2  | Reached skill level 10 in Evocations
 33320 | Swamp:2  | Noticed Donald
 33327 | Swamp:2  | Killed Donald
 33493 | Swamp:2  | Received a gift from Trog
 33970 | Swamp:3  | Found a shadowy altar of Dithmenos.
 34022 | Swamp:3  | Noticed Louise
 34053 | Swamp:3  | Killed Louise
 34400 | Swamp:3  | XOM: swap monsters
 34561 | Swamp:4  | Entered Level 4 of the Swamp
 35151 | Swamp:4  | Reached skill level 16 in Fighting
 35254 | Swamp:4  | Got a decaying rune of Zot
 35724 | Vaults:1 | Entered Level 1 of the Vaults
 35833 | Vaults:1 | Received a gift from Trog
 35868 | Vaults:1 | Found Xoryqus's Food Boutique.
 35954 | Vaults:1 | Gained mutation: You regenerate a lot of health from kills. [demonic ancestry]
 35954 | Vaults:1 | Reached XP level 18. HP: 151/151 MP: 26/26
 36064 | Vaults:1 | Found Uruster's Assorted Antiques.
 36064 | Vaults:1 | Found Serimur's Magic Scroll Boutique.
 36080 | Vaults:1 | Found Ryenaorog's Food Boutique.
 36105 | Vaults:1 | Bought an embroidered cloak for 130 gold pieces
 36272 | Vaults:1 | Noticed Jorgrun
 36279 | Vaults:1 | Killed Jorgrun
 36319 | Vaults:1 | Received a gift from Trog
 37366 | Vaults:2 | Reached skill level 17 in Fighting
 37696 | Vaults:2 | Reached skill level 10 in Shields
 37749 | Vaults:2 | Found Gozag's Assorted Antiques.
 37801 | Vaults:2 | Found an opulent altar of Gozag.
 37801 | Vaults:2 | Found Gozag's Antique Weapon Boutique.
 37822 | Vaults:2 | Received a gift from Trog
 37857 | Vaults:2 | Found Gozag's Assorted Antiques.
 37992 | Vaults:2 | Bought a runed helmet for 450 gold pieces
 38615 | Vaults:3 | Found Baiclito's Jewellery Emporium.
 38797 | Vaults:3 | Got an ebony morningstar
 38798 | Vaults:3 | Identified the cursed +3 morningstar "Salamude" {antimagic, Fragile rF+ Str+3 Int+3} (You found it on level 3 of the Vaults)
 39024 | Vaults:3 | Reached XP level 19. HP: 41/161 MP: 1/28
 39136 | Vaults:3 | Killed from afar by a fire giant

Vault maps used:
D:1:      dpeg_arrival_shelter
D:2:      first_bread
D:3:      gup_sewer_entry_bubbles, trog_butcher_becter
D:4:      okawaru_gym_becter, serial_forest, infiniplex_forest_lined_room_,
          infiniplex_forest_lined_room_2, infiniplex_forest_clump_curved,
          infiniplex_forest_end_1, infiniplex_forest_end_3,
          infiniplex_forest_clump_small, infiniplex_forest_clump_curved,
          infiniplex_forest_straight_2, infiniplex_forest_straight_4,
          infiniplex_forest_lined_3, serial_shops, shop
D:5:      vehumet_altar_wand_db, kiku_gazebo_pond_becter, lemuel_doored_altar,
          kennysheep_windowed_goal
D:7:      minmay_temple_entry_butterflies
D:8:      kennysheep_mini_moat, grunt_livestock, minmay_hollow_rounded_squares
D:9:      grunt_temple_overflow_opulence, lightli_church_of_beogh
D:10:     minmay_orc_entry_temple_small, serial_shops, kennysheep_mini
D:11:     lair_0_dummy
D:12:     serial_shops, nicolae_shop_waterfront, nicolae_trove_entry_crystal
D:13:     david_vaults_4, uniq_rupert, uniq_frances
D:14:     cheibrodos_orc_bank, portal_ice_cave_entry_dragon
D:15:     hangedman_depths_entry_try_elsewhere_first,
          lemuel_mausoleum_altar_yredelemnul
Lair:1:   infiniplex_staircase_pool_2, serial_bayou_shore_a, wad_woods_river_01,
          uniq_urug, uniq_sonja
Lair:3:   nicolae_swamp_entry_splash_gauntlet, fungi_pond_lemuel
Lair:5:   spider_nest_entry_rubble, lab_entry_generic, st_stairs_3,
          lemuel_fruit_fields
Lair:6:   slime_dummy, basic_altar, beast_lair_carwin_4, uniq_kirke, uniq_nessos
Lair:7:   grunt_megastairs_4
Lair:8:   hangedman_lair_caniforms_friends, guppyfry_lair_end_dragon,
          grunt_megastairs_2
Swamp:1:  evilmike_swamp_ruin_house_3
Swamp:2:  hangedman_swamp_blocks, uniq_donald
Swamp:3:  cheibrodos_swamp_tower_of_moss, basic_altar,
          infiniplex_staircase_pool, uniq_louise
Swamp:4:  swamp
Spider:1: worms_lemuel
Spider:2: uniq_wiglaf
Spider:4: grunt_spider_rune_circles
Orc:1:    serial_shops, nicolae_shop_crystal
Orc:2:    serial_shops, shop, uniq_maurice
Orc:3:    nicolae_orc_pool_cavern
Orc:4:    grunt_orc_tribal_feast
Vaults:1: nicolae_vaults_hallways_thing, grunt_vaults_hallway_short,
          hangedman_vaults_hard_town_square, ontoclasm_vaults_misaligned,
          vaults_room_pool, vaults_dpeg_hooks, hangedman_vaults_capsules,
          hangedman_vaults_maws, nicolae_vaults_angled_halls,
          hangedman_vaults_stitches, hangedman_vaults_variations,
          hangedman_vaults_maws, grunt_vaults_hallway_long, serial_shops, shop,
          uniq_jorgrun
Vaults:2: vaults_room_hallway, v_misc_17, v_misc_31,
          nicolae_vaults_little_squares_1, v_alt_pattern_3,
          nicolae_vaults_shelves_hall, ontoclasm_vaults_tryst, v_misc_22,
          kennysheep_vaults_gozag_temple, v_misc_1, vaults_room_door_ring,
          v_misc_12, vaults_room_fours, grunt_vaults_diagonal,
          nicolae_vaults_mini_display_case, serial_glass
Vaults:3: vaults_room_pool, vaults_room_fancy_cross, vaults_mumra_hexcomb,
          grunt_vaults_hallway_short, grunt_vaults_swirl,
          nicolae_vaults_little_ls, minmay_crypt_entry_simple_round,
          serial_shops, nicolae_shop_behind_doors, nicolae_shop_statue_plus,
          shop, shop
Lab:      labyrinth_mini_lab, labyrinth_fake_exit, nicolae_lab_quarters
Sewer:    sewer_minmay_treatment

Action                   |  1- 3 |  4- 6 |  7- 9 | 10-12 | 13-15 | 16-18 | 19-21 || total
-------------------------+-------+-------+-------+-------+-------+-------+-------++-------
Melee: Unarmed           |     7 |       |       |       |       |       |       ||     7
       Whip              |    89 |   163 |   264 |   400 |     8 |       |       ||   924
       Broad axe         |       |       |       |   225 |  1072 |  1190 |    22 ||  2509
       Morningstar       |       |       |       |       |     5 |       |       ||     5
       Demon whip        |       |       |       |       |    15 |   158 |       ||   173
Invok: Berserk           |       |     1 |     4 |     7 |     3 |     1 |       ||    16
       Trog's Hand       |       |       |       |     5 |     8 |     9 |       ||    22
       Brothers in Arms  |       |       |       |     3 |     5 |    11 |     1 ||    20
       Burn Spellbooks   |       |       |       |       |     1 |       |       ||     1
Evoke: Wand              |       |       |       |     2 |       |    32 |       ||    34
       Rod               |       |       |       |       |    12 |    18 |       ||    30
       Piece from Xom's  |       |       |       |       |     1 |     1 |       ||     2
       Fan of gales      |       |       |       |       |       |     1 |       ||     1
       Lamp of fire      |       |       |       |       |       |     1 |       ||     1
  Use: Scroll            |     1 |     5 |    10 |    17 |    10 |     4 |     1 ||    48
       Potion            |       |       |     1 |     1 |     4 |     5 |     2 ||    13
 Stab: Sleeping          |     5 |    11 |     2 |     2 |    11 |     2 |       ||    33
       Distracted        |       |       |       |     1 |       |     4 |       ||     5
       Paralysed         |       |       |       |       |       |    12 |       ||    12
  Eat: Chunk             |     3 |     8 |    16 |    20 |    33 |    20 |       ||   100
       Meat ration       |       |       |       |     3 |     2 |     1 |       ||     6
       Fruit             |       |       |       |     1 |       |     3 |       ||     4
       Pizza             |       |       |       |       |     1 |     2 |       ||     3
       Bread ration      |       |       |       |       |       |     2 |       ||     2
       Beef jerky        |       |       |       |       |       |     1 |       ||     1
